 Dungeon Crawl Stone Soup version 0.27.1-33-g824d729ab1 (webtiles) character file.

Game seed: 13960163693769616119

41 jlumianski the Shield-Bearer (level 3, -2/23 HPs)
             Began as a Gargoyle Fighter on Dec 5, 2021.
             Killed from afar by an orc wizard (9 damage)
             ... with a magic dart
             ... on level 2 of the Dungeon.
             The game lasted 00:04:32 (1927 turns).

jlumianski the Shield-Bearer (Gargoyle Fighter)     Turns: 1927, Time: 00:04:33

Health: -2/23      AC: 14    Str: 20    XL:     3   Next: 52%
Magic:  3/3        EV:  3    Int:  8    God:
Gold:   102        SH:  9    Dex:  9    Spells: 2/2 levels left

rFire    . . .     SeeInvis .   a - +0 war axe
rCold    . . .     Faith    .   c - +0 kite shield
rNeg     + . .     Spirit   .   f - +0 plate armour
rPois    ∞         Reflect  .   (no helmet)
rElec    +         Harm     .   (no cloak)
rCorr    .         Rampage  .   (no gloves)
Will     .....                  (no boots)
Stlth    ..........             (no amulet)
HPRegen  0.07/turn              (no ring)
MPRegen  0.08/turn              (no ring)

@: no status effects
A: sickness immunity, AC +3, negative energy resistance 1, electricity
resistance, torment resistance 1, petrification resistance
a: no special abilities


You were on level 2 of the Dungeon.
You visited 1 branch of the dungeon, and saw 3 of its levels.

You collected 102 gold pieces.

Inventory:

Hand Weapons
 a - a +0 war axe (weapon)
 h - a +0 hunting sling
Missiles
 g - 26 bolts
 j - 27 stones (quivered)
Armour
 b - a +0 scale mail
 c - a +0 kite shield (worn)
 f - a +0 plate armour (worn)
Scrolls
 i - 4 scrolls of identify {unknown}
Potions
 d - a potion of might
 e - a potion of heal wounds


   Skills:
 + Level 3.6 Fighting
 + Level 2.4 Axes
 + Level 3.5 Armour
 + Level 3.9 Shields


You had 2 spell levels left.
You didn't know any spells.
Your spell library was empty.

Dungeon Overview and Level Annotations

Branches:
Dungeon (3/15)

Altars:


Innate Abilities, Weirdness & Mutations

You are immune to sickness and miasma.
Your stone body is resilient. (AC +3)
You are immune to poison.
You resist negative energy. (rN+)
You are resistant to electric shocks. (rElec)
You are resistant to unholy torment.
You are immune to petrification.


Message History

The magic dart hits you!
You miss something.
An orc wizard appears from thin air!
Reactivating autopickup.
The orc wizard casts a spell.
The orc wizard flickers and vanishes!
Deactivating autopickup; reactivate with Ctrl-A.
Something hits you but does no damage.
You miss something.
You hear some strange, mumbled words.
Something tries to affect you, but you resist.
Something hits you but does no damage.
You miss something.
You hear some strange, mumbled words.
You are confused.
You hear some strange, mumbled words.
You are more confused.
You bump into the rock wall.
You hear some strange, mumbled words.
A puff of flame appears from out of thin air!
The puff of flame hits you but does no damage.
You bump into the rock wall.
You closely miss something. Something hits you but does no damage.
Something hits you.
You bump into the rock wall.
You hear some strange, mumbled words.
A magic dart appears from out of thin air!
The magic dart hits you but does no damage.
You miss something. Something hits you but does no damage.
You're too confused to move!
Something hits you but does no damage.
You're too confused to move!
Something hits you.
You bump into the rock wall.
Something hits you.
* * * LOW HITPOINT WARNING * * *
You bump into the rock wall.
You feel less confused. Something hits you but does no damage.
You miss something.
You hear some strange, mumbled words.
A magic dart appears from out of thin air!
The magic dart hits you!
You die...

## ....... .# #..... ....
#.... .... #... ###.#
.##.##..####### ...#
.............># #### ###.#
###.#########)# #...##
###.#########.##.....#
####............@{.........#
.....# #.##.###.....#.....#
###### #....# #..##.# ...##
#.#..# #..##.## .##
#########.#..###......# .#
..................##..##.#
#######.##...#######..#..#
##.##.#............##
##.>.....#######.....


There were no monsters in sight!

Vanquished Creatures
  An adder (D:2)
  2 dart slugs
  3 orcs
  3 ball pythons
  4 endoplasms (D:1)
  A hobgoblin (D:1)
  4 bats (D:1)
  4 kobolds
  2 rats
24 creatures vanquished.

Notes
Turn   | Place    | Note
-------+----------+-------------------------------------------
     0 | D:1      | jlumianski the Gargoyle Fighter began the quest for the
                  | Orb.
     0 | D:1      | Reached XP level 1. HP: 14/14 MP: 1/1
   532 | D:1      | Reached XP level 2. HP: 10/19 MP: 2/2
  1662 | D:2      | Reached XP level 3. HP: 21/23 MP: 3/3
  1927 | D:2      | Killed from afar by an orc wizard

Illustrated notes

Levels and vault maps discovered:
D:1:      nagdon_arrival_zigzag_paths, layout_basic
D:2:      layout_loops_ring, basic_ecumenical_altar, serial_shops,
          nicolae_square_shop, st_stairs_14, minmay_misc_feat_doors,
          minmay_increasing_density
D:3:      layout_basic, uniq_terence

Skill      XL: |  1  2 |
---------------+-------+-----
Axes           | 2 |  2.4
Fighting       | |  3.6
Armour         | |  3.5
Shields        | |  3.9

Action                   || total
-------------------------++-------
Melee: War axe           ||    95
Throw: Stone             ||     1
  Use: Potion            ||     1
Armor: Scale mail        ||    20
       Plate armour      ||    73
Dodge: Dodged            ||    14
Block: Kite shield       ||    41
